 Dungeon Sprint DCSS version 0.21-a0-352-g5b8f553 (webtiles) character file.

202689 Kidiri the Conqueror (level 16, -2/183 HPs)
             Began as a White Draconian Berserker on Oct 10, 2017.
             Was a High Priest of Trog.
             Slain by Mennas
             ... wielding a +2 trishula of holy wrath
              (16 damage)
             ... in the Dungeon (Sprint III: "The Ten Rune Challenge").
             The game lasted 01:39:03 (15890 turns).

Kidiri the Conqueror (White Draconian Berserker)   Turns: 15890, Time: 01:39:03

Health: -2/183     AC: 18    Str: 30    XL:     16   Next: 71%
Magic:  0/16       EV: 35    Int:  8    God:    Trog [*****.]
Gold:   803        SH:  0    Dex: 17    Spells: 15/15 levels left

rFire    + . .     SeeInvis +   a - +9 great mace (protect)
rCold    + + .     Gourm    .   (shield currently unavailable)
rNeg     + . .     Faith    .   (armour unavailable)
rPois    .         Spirit   +   D - +0 hat {SInv}
rElec    +         Reflect  .   b - +2 cloak {MR+}
rCorr    +         Harm     .   u - +2 pair of gloves of the Burgomaster {rN+ MR- Str+3}
MR       +++..     NoTele   +   Y - +2 pair of boots
Stlth    +.........             g - amulet "Liheum" {Spirit MR++ SInv}
HPRegen  0.40/turn              C - ring "Gisiul" {rCorr rF+ rC+ Str+3 Dex-2}
MPRegen  0.15/turn              S - ring "Nozidwath" {rElec EV+4 Dex+6}

@: berserk cooldown, slowed, glowing, very slow
A: breathe frost, unfitting armour, antennae 1, stinger 1, cold resistance 1,
cold-blooded, AC +9
}: 4/10 runes: decaying, serpentine, silver, golden
a: Breathe Frost, Berserk, Trog's Hand, Brothers in Arms, Burn Spellbooks,
Renounce Religion


You were in the Dungeon.
You worshipped Trog.
Trog was extremely pleased with you.
You were hungry.

You visited 1 branch You collected 2784 gold pieces.
You spent 1981 gold pieces at shops.

Inventory:

Hand Weapons
 a - a +9 great mace of protection (weapon)
Missiles
 f - 18 poisoned javelins (quivered)
 h - 7 poisoned tomahawks
 k - 5 tomahawks
 r - 9 silver javelins
 w - 18 javelins of returning
 x - 26 steel javelins
 E - 4 javelins
 L - 10 tomahawks of returning
 R - 2 steel tomahawks
 U - 10 throwing nets
 V - a javelin of penetration
Armour
 b - a +2 cloak of magic resistance (worn)
 u - the +2 pair of gloves of the Burgomaster (worn) {rN+ MR- Str+3}
   (You found it in the Dungeon)

   It affects your strength (+3).
   It protects you from negative energy.
   It affects your resistance to hostile enchantments.
 D - a +0 hat of see invisible (worn)
 Y - a +2 pair of boots (worn)
Jewellery
 g - the amulet "Liheum" (around neck) {Spirit MR++ SInv}
   (You found it in the Dungeon)

   [amulet of guardian spirit]

   It causes incoming damage to be split between your health and magic.
   It affects your resistance to hostile enchantments.
   It lets you see invisible.
 s - an uncursed ring of flight
 C - the ring "Gisiul" (left hand) {rCorr rF+ rC+ Str+3 Dex-2}
   (You bought it in a shop in the Dungeon)

   [ring of resist corrosion]

   It affects your strength (+3).
   It affects your dexterity (-2).
   It protects you from fire.
   It protects you from cold.
 S - the ring "Nozidwath" (right hand) {rElec EV+4 Dex+6}
   (You found it in the Dungeon)

   [ring of evasion]

   It affects your evasion (+4).
   It affects your dexterity (+6).
   It insulates you from electricity.
Wands
 d - a wand of disintegration (17/24)
 q - a wand of digging (4/24)
 F - a wand of iceblast (6/15)
 N - a wand of acid (9/15)
 X - a wand of confusion (18/48)
Scrolls
 e - 2 scrolls of blinking
 i - a scroll of holy word
 j - 4 scrolls of immolation
 m - 2 scrolls of recharging
 o - 5 scrolls of remove curse
 p - 4 scrolls of silence
 A - 5 scrolls of identify
 B - a scroll of fear
 P - a scroll of torment
 Q - a scroll of fog
Potions
 c - a potion of cancellation
 n - 5 potions of curing
 t - a potion of agility
 v - a potion of ambrosia
 z - 2 potions of berserk rage
 G - 4 potions of flight
 H - 2 potions of haste
 I - 2 potions of magic
 K - 3 potions of mutation
 O - 3 potions of brilliance
Comestibles
 l - 14 royal jellies


   Skills:
 O Level 27 Fighting
 O Level 27 Maces & Flails
 + Level 18.5 Throwing
 * Level 24.4 Dodging


You had 15 spell levels left.
You didn't know any spells.

Dungeon Overview and Level Annotations

Branches:
Dungeon (1/1)

Altars:
Cheibriados
Dithmenos
Elyvilon
Fedhas
Gozag
Hepliaklqana
Kikubaaqudgha
Makhleb
Nemelex Xobeh
Okawaru
Qazlal
Ru
Sif Muna
Trog
Uskayaw
Vehumet
Wu Jian
Xom
Yredelemnul
Zin
The Shining One
Beogh
Jiyva
Lugonu

Shops:
D }(?%(%=!![}[}%?:![%=([(=

Annotations:
D exclusion: 3 doors, Mennas


Innate Abilities, Weirdness & Mutations

You can breathe waves of freezing cold.
You can buffet flying creatures when you breathe cold.
Your icy white scales are hard. (AC +9)
You cannot fit into any form of body armour.
Your flesh is cold resistant. (rC+)
You are cold-blooded and may be slowed by cold attacks.
You have a pair of small antennae on your head.
Your tail ends in a poisonous barb.


Message History

Throwing (i - inventory. (,) - cycle):
f - 19 poisoned javelins (quivered)
Press: ? - help, Shift-Dir - straight line, f/p - Mennas
Aim: Mennas, wielding a trishula of holy wrath and wearing a large shield (silenced, severely wounded, radiating silence, hasn't noticed you, haloed)
You throw a poisoned javelin. The poisoned javelin hits Mennas!
Mennas is severely wounded.
Mennas hits you but does no damage. x2
Mennas hits you from afar with a trishula of holy wrath!!
* * * LOW HITPOINT WARNING * * *
Mennas completely misses you.
Unknown command.
You feel better. Mennas misses you.
Mennas hits you from afar with a trishula of holy wrath!
* * * LOW HITPOINT WARNING * * *
Mennas hits you from afar with a trishula of holy wrath!
* * * LOW HITPOINT WARNING * * *
Mennas completely misses you.
Unknown command.
Mennas hits you but does no damage. Mennas barely misses you.
Mennas hits you from afar with a trishula of holy wrath!
You die...

♣.....§≈..≈♣ #########.#......###
♣.♣..≈≈.≈≈.♣ #.#.#.#.#........#.#
♣♣♣♣♣♣♣♣∩∩∩♣ #................#+#
♣♣♣♣♣ #................#).
**###***########'##############..
,≈....≈{#[..###...##.#≈§≈≈§§###+#
≈,.....≈#...##A....##+#)§§§§#.#.#
,,......#+###.......###...§§#.▓+▓
,,......'(..'...@...+.........▓.^
,,......#+###.......#####..≈#.▓).
≈,.....≈#≈≈≈##.....##...##.≈#.▓.^
{≈....≈{#+#+###...###)#..##+##▓..
###++####.#)# ##+####.##.##...▓..
..+.....#+#####.≈≈≈+#.##.####.▓..
#######.#).+∩∩#.≈≈.#..##......▓..
...# ##.####∩∩#.≈≈.#######+###▓..
...###...###..#..≈.#..+≈⌠...≈.▓..


You could see Mennas.

Vanquished Creatures
  A greater mummy (D)
  Boris (D)
  Frederick (D)
  Nikola (D)
  3 bone dragons (D)
  A lich (D)
  Rupert (D)
  A titan (D)
  A deep elf blademaster (D)
  2 sphinxes (D)
  Gastronok (D)
  Chuck (D)
  An ancient champion (D)
  Roxanne (D)
  A storm dragon (D)
  4 azure jellies (D)
  A nagaraja (D)
  A shadow dragon (D)
  A deep elf demonologist (D)
  2 vampire knights (D)
  2 deep elf annihilators (D)
  2 dire elephants (D)
  Azrael (D)
  4 mummy priests (D)
  2 yaktaur captains (D)
  A fire dragon (D)
  2 deep elf high priests (D)
  A vault guard (D)
  4 ice dragons (D)
  2 hell beasts (D)
  3 hydras (D)
  A centaur warrior (D)
  3 anacondas (D)
  4 dancing weapons (D)
  A satyr (shapeshifter) (D)
  4 orc high priests (D)
  An ogre mage (D)
  Urug (D)
  2 soul eaters (D)
  2 sun demons (D)
  A deep elf knight (D)
  A shadow wraith (D)
  9 skeletal warriors (D)
  2 golden dragon zombies (D)
  A spriggan druid (D)
  A swamp dragon (shapeshifter) (D)
  An obsidian statue (D)
  A death drake (D)
  An orange crystal statue (D)
  Joseph (D)
  An orc knight (D)
  A lindwurm (D)
  4 ugly things (D)
  2 oklob plants (D)
  4 crystal guardians (D)
  4 deep elf magi (D)
  A shining eye (shapeshifter) (D)
  A faun (shapeshifter) (D)
  A manticore (shapeshifter) (D)
  A guardian serpent (D)
  An iron troll simulacrum (D)
  7 black mambas (D)
  A rime drake (D)
  3 yaktaurs (D)
  2 ice devils (D)
  8 guardian mummies (D)
  4 anaconda simulacra (D)
  3 wandering mushrooms (D)
  4 spriggan defenders (D)
  3 hornets (D)
  4 statues (D)
  2 tyrant leeches (D)
  4 blink frogs (D)
  5 slime creatures (D)
  A shadow (D)
  2 spriggans (D)
  4 redbacks (D)
  2 nagas (D)
  2 hydra simulacra (D)
  A floating eye (D)
  A water moccasin (D)
  A floating eye (shapeshifter) (D)
  A swamp drake (D)
  An orc warrior (D)
  2 black mamba simulacra (D)
  A necrophage (D)
  4 two-headed ogres (D)
  A water elemental (D)
  15 killer bees (D)
  3 electric eels (D)
  A jelly (D)
  2 orc priests (D)
  Jessica (D)
  A wizard (D)
  4 necromancers (D)
  2 orc wizards (D)
  2 wolf simulacra (D)
  3 humans (D)
  A kobold demonologist (D)
  An adder (D)
  An ooze (D)
  2 swamp drake simulacra (D)
  A phantom (D)
  An adder simulacrum (D)
  12 orcs (D)
  A quokka zombie (D)
  2 rats (D)
  A ballistomycete (D)
  8 bushes (D)
  6 butterflies (D)
  22 plants (D)
277 creatures vanquished.

Vanquished Creatures (collateral kills)
  Mara (D)
  A greater mummy (D)
  2 titans (D)
  Harold (D)
  3 shadow dragons (D)
  3 stone giants (D)
  2 vampire knights (D)
  2 mummy priests (D)
  Erolcha (D)
  15 vault guards (D)
  2 ice dragons (D)
  A naga warrior (D)
  An anaconda (D)
  A centaur warrior (D)
  4 death yaks (D)
  2 skeletal warriors (D)
  A deep elf mage (D)
  An ugly thing (D)
  2 elephants (D)
  A molten gargoyle (D)
  2 spiny frogs (D)
  A two-headed ogre (D)
  A queen bee (D)
  A komodo dragon (D)
  5 guardian mummies (D)
  4 blink frogs (D)
  A slime creature (D)
  A redback (D)
  A spatial vortex (D)
  17 killer bees (D)
  2 adders (D)
83 creatures vanquished.

Vanquished Creatures (others)
  2 draconian scorchers (D)
  Nessos (D)
  A deep elf knight (D)
  3 yaktaurs (D)
  6 hellions (D)
  2 guardian mummies (D)
  An electric eel (D)
  6 ball lightnings (D)
  A ballistomycete (D)
  2 ballistomycete spores (D)
  16 plants (D)
41 creatures vanquished.

Grand Total: 401 creatures vanquished

Notes
Turn   | Place    | Note
-------+----------+-------------------------------------------
     0 | D        | Kidiri the Draconian Berserker began the quest for the Orb.
     0 | D        | Reached XP level 1. HP: 19/19 MP: 1/1
    37 | D        | Killed a yaktaur
    99 | D        | Killed a hellion
    99 | D        | Killed a hellion
   100 | D        | Killed a hellion
   101 | D        | Killed a hellion
   137 | D        | Killed a hellion
   139 | D        | Killed a hellion
   142 | D        | Noticed Jessica
   159 | D        | Killed Jessica
   159 | D        | Reached ** piety under Trog
   159 | D        | Reached skill level 1 in Throwing
   159 | D        | Reached XP level 2. HP: 16/28 MP: 2/2
   159 | D        | Reached XP level 3. HP: 20/35 MP: 3/3
   214 | D        | Killed a white draconian scorcher
   295 | D        | Killed a yaktaur
   317 | D        | Killed a white draconian scorcher
   340 | D        | Reached skill level 5 in Fighting
   400 | D        | Reached *** piety under Trog
   420 | D        | Gained mutation: Your tail ends in a poisonous barb. [potion of mutation]
   420 | D        | Gained mutation: You have a pair of small antennae on your head. [potion of mutation]
   461 | D        | Noticed a water elemental
   464 | D        | Killed a water elemental
   464 | D        | Reached skill level 5 in Maces & Flails
   464 | D        | Reached skill level 5 in Dodging
   464 | D        | Reached XP level 4. HP: 45/45 MP: 4/4
   600 | D        | Found a radiant altar of Vehumet.
   600 | D        | Found a deep blue altar of Sif Muna.
   600 | D        | Found an ancient bone altar of Kikubaaqudgha.
   600 | D        | Noticed a wizard
   601 | D        | Received a gift from Trog
   602 | D        | Killed a wizard
   602 | D        | Reached **** piety under Trog
   604 | D        | Received a gift from Trog
   606 | D        | Noticed a sixfirhy
   608 | D        | Reached XP level 5. HP: 45/51 MP: 5/5
   719 | D        | Found a glowing silver altar of Zin.
   720 | D        | Found a glowing golden altar of the Shining One.
   720 | D        | Found a white marble altar of Elyvilon.
   720 | D        | Noticed a deep elf mage
   726 | D        | Killed a deep elf mage
   726 | D        | Received a gift from Trog
   726 | D        | Reached XP level 6. HP: 44/62 MP: 6/6
   878 | D        | Found an ornate altar of the Wu Jian Council.
   878 | D        | Found a roughly hewn altar of Beogh.
   878 | D        | Found an iron altar of Okawaru.
   878 | D        | Found a bloodstained altar of Trog.
   878 | D        | Found a hide-covered altar of Uskayaw.
   878 | D        | Noticed a human
   878 | D        | Noticed a human
   883 | D        | Killed a human
   894 | D        | Killed a human
   894 | D        | Reached skill level 5 in Throwing
   894 | D        | Your scales start taking on an icy white colour.
   894 | D        | Reached XP level 7. HP: 71/71 MP: 7/7
   894 | D        | Gained mutation: Your flesh is cold resistant. (rC+) [White Draconian growth]
   897 | D        | Killed Nessos
   899 | D        | Killed a yaktaur
   933 | D        | Found a basalt altar of Yredelemnul.
   933 | D        | Found a shadowy altar of Dithmenos.
   933 | D        | Found a sacrificial altar of Ru.
   948 | D        | Received a gift from Trog
   948 | D        | Reached skill level 10 in Fighting
   950 | D        | Reached ***** piety under Trog
  1113 | D        | Noticed a shadow
  1125 | D        | Killed a shadow
  1293 | D        | Found a blossoming altar of Fedhas.
  1293 | D        | Found a stormy altar of Qazlal.
  1293 | D        | Found a snail-covered altar of Cheibriados.
  1293 | D        | Found a burning altar of Makhleb.
  1293 | D        | Found a shimmering altar of Xom.
  1293 | D        | Noticed a spatial vortex
  1294 | D        | Found a hazy altar of Hepliaklqana.
  1294 | D        | Found an opulent altar of Gozag.
  1294 | D        | Found a sparkling altar of Nemelex Xobeh.
  1294 | D        | Found a corrupted altar of Lugonu.
  1294 | D        | Found a viscous altar of Jiyva.
  1317 | D        | Killed a spatial vortex
  1317 | D        | Reached XP level 8. HP: 36/80 MP: 8/8
  1515 | D        | Reached skill level 10 in Maces & Flails
  1517 | D        | Received a gift from Trog
  1564 | D        | Noticed a two-headed ogre
  1573 | D        | Killed a two-headed ogre
  1648 | D        | Noticed a two-headed ogre
  1648 | D        | Noticed Erolcha
  1653 | D        | Killed a two-headed ogre
  1654 | D        | Killed Erolcha
  1654 | D        | Received a gift from Trog
  1654 | D        | Reached skill level 10 in Dodging
  1654 | D        | Reached XP level 9. HP: 73/90 MP: 9/9
  2002 | D        | Noticed a queen bee
  2002 | D        | Received a gift from Trog
  2021 | D        | Received a gift from Trog
  2025 | D        | Killed a queen bee
  2034 | D        | Received a gift from Trog
  2047 | D        | Received a gift from Trog
  2067 | D        | Received a gift from Trog
  2156 | D        | Noticed a wandering mushroom
  2161 | D        | Noticed a wandering mushroom
  2165 | D        | Killed a wandering mushroom
  2166 | D        | Noticed a wandering mushroom
  2175 | D        | Killed a wandering mushroom
  2175 | D        | Reached XP level 10. HP: 94/101 MP: 10/10
  2183 | D        | Reached ****** piety under Trog
  2201 | D        | Noticed a spiny frog
  2201 | D        | Noticed a spiny frog
  2206 | D        | Killed a spiny frog
  2206 | D        | Killed a spiny frog
  2207 | D        | Received a gift from Trog
  2671 | D        | Noticed a lindwurm
  2677 | D        | Killed a lindwurm
  2855 | D        | Noticed Urug
  2863 | D        | Killed Urug
  3001 | D        | Received a gift from Trog
  3001 | D        | Reached skill level 15 in Fighting
  3277 | D        | Received a gift from Trog
  3407 | D        | Noticed Rupert
  3413 | D        | Paralysed by Rupert for 7 turns
  3426 | D        | Killed Rupert
  3426 | D        | Reached XP level 11. HP: 99/114 MP: 3/11
  3594 | D        | Noticed a death yak
  3595 | D        | Noticed a death yak
  3599 | D        | Noticed a death yak
  3602 | D        | Noticed a death yak
  3604 | D        | Killed a death yak
  3604 | D        | Reached skill level 10 in Throwing
  3608 | D        | Killed a death yak
  3614 | D        | Killed a death yak
  3614 | D        | Reached skill level 15 in Maces & Flails
  3615 | D        | Received a gift from Trog
  3641 | D        | Noticed an azure jelly
  3641 | D        | Noticed an azure jelly
  3642 | D        | Killed a death yak
  3844 | D        | Noticed an azure jelly
  3844 | D        | Noticed an azure jelly
  3883 | D        | Received a gift from Trog
  3888 | D        | Received a gift from Trog
  4095 | D        | Noticed an anaconda
  4095 | D        | Noticed an anaconda
  4095 | D        | Noticed an anaconda
  4102 | D        | Killed an anaconda
  4107 | D        | Killed an anaconda
  4118 | D        | Killed an anaconda
  4118 | D        | Received a gift from Trog
  4408 | D        | Noticed an anaconda
  4417 | D        | Killed an anaconda
  4417 | D        | Reached XP level 12. HP: 125/125 MP: 4/12
  4535 | D        | Noticed a naga warrior
  4535 | D        | Noticed a nagaraja
  4542 | D        | Found Nauguvex's Gadget Boutique.
  4542 | D        | Found Geshe's Antique Weapon Emporium.
  4544 | D        | Reached skill level 15 in Dodging
  4548 | D        | Killed a naga warrior
  4548 | D        | Received a gift from Trog
  4549 | D        | Killed a nagaraja
  4554 | D        | Found Ydaph's Magic Scroll Shop.
  4667 | D        | Got a serpentine rune of Zot
  4749 | D        | Noticed a dire elephant
  4749 | D        | Noticed a dire elephant
  4749 | D        | Noticed Gastronok
  4757 | D        | Killed a dire elephant
  4757 | D        | Received a gift from Trog
  4763 | D        | Killed a dire elephant
  4771 | D        | Killed Gastronok
  4771 | D        | Received a gift from Trog
  4973 | D        | Noticed an orc high priest
  4976 | D        | Noticed an orc high priest
  4980 | D        | Killed an orc high priest
  4980 | D        | Received a gift from Trog
  4990 | D        | Received a gift from Trog
  4997 | D        | Killed an orc high priest
  5021 | D        | Found Vucvubli's Food Shop.
  5223 | D        | Bought a scroll of remove curse for 42 gold pieces
  5223 | D        | Bought a scroll of magic mapping for 49 gold pieces
  5223 | D        | Bought a scroll of blinking for 105 gold pieces
  5395 | D        | Received a gift from Trog
  5540 | D        | Noticed a deep elf annihilator
  5540 | D        | Noticed a deep elf high priest
  5540 | D        | Noticed a deep elf high priest
  5541 | D        | Noticed a deep elf annihilator
  5542 | D        | Noticed a deep elf demonologist
  5586 | D        | Noticed a deep elf blademaster
  5592 | D        | Killed a deep elf annihilator
  5592 | D        | Received a gift from Trog
  5592 | D        | Received a gift from Trog
  5604 | D        | Got a crude lajatang {freeze}
  5607 | D        | Identified the +9 lajatang of the Penguin {freeze, rElec MR+++ Str-4 SInv} (You took it off a deep elf annihilator in the Dungeon)
  5651 | D        | Noticed a blizzard demon
  5652 | D        | Noticed a cacodemon
  5806 | D        | Killed a deep elf demonologist
  5806 | D        | Reached XP level 13. HP: 110/137 MP: 4/13
  5959 | D        | Killed a deep elf annihilator
  5968 | D        | Received a gift from Trog
  6218 | D        | Killed a deep elf blademaster
  6237 | D        | Got a shimmering plate armour
  6250 | D        | Got a crude iron amulet
  6313 | D        | Identified the amulet "Voomisket" {RegenMP rPois rC- rN++ Stlth+} (You found it in the Dungeon)
  6601 | D        | Received a gift from Trog
  7005 | D        | Found a blossoming altar of Fedhas.
  7016 | D        | Received a gift from Trog
  7285 | D        | Received a gift from Trog
  7581 | D        | Found Puucef's Antique Weapon Emporium.
  7581 | D        | Found Ytoacho's Food Shop.
  7581 | D        | Found Zopunwu's Jewellery Shoppe.
  7842 | D        | Bought the ring "Gisiul" {rCorr rF+ rC+ Str+3 Dex-2} for 517 gold pieces
  7842 | D        | Bought a +4 ring of strength for 324 gold pieces
  7936 | D        | Received a gift from Trog
  7946 | D        | Got a decaying rune of Zot
  8016 | D        | Got a warped tin ring
  8043 | D        | Identified the ring "Nozidwath" {rElec EV+4 Dex+6} (You found it in the Dungeon)
  8411 | D        | Noticed Harold
  8411 | D        | Noticed Joseph
  8417 | D        | Killed Harold
  8417 | D        | Received a gift from Trog
  8423 | D        | Killed Joseph
  8533 | D        | Received a gift from Trog
  8739 | D        | Found Vurobbuj's Antique Armour Emporium.
  8739 | D        | Found Sesch's Jewellery Shop.
  8739 | D        | Found Werero's Jewellery Shoppe.
  8739 | D        | Found Ryosul's Distillery.
  8739 | D        | Found Cigruag's Food Emporium.
  8739 | D        | Found Ikupp's Antique Weapon Shop.
  8739 | D        | Found Awuff's Antique Armour Emporium.
  8739 | D        | Found Biugiezaut's Antique Weapon Boutique.
  8740 | D        | Found Tychy's Book Boutique.
  8740 | D        | Found Jucyl Iwn's Magic Scroll Shoppe.
  8740 | D        | Found Oskutile's Food Shop.
  8740 | D        | Found Dedistrienk's Gadget Emporium.
  8827 | D        | Bought a scroll of holy word for 105 gold pieces
  8827 | D        | Bought a scroll of blinking for 105 gold pieces
  8827 | D        | Bought a scroll of fear for 49 gold pieces
  8848 | D        | Bought a pair of boots for 67 gold pieces
  8848 | D        | Bought a pair of runed gloves for 112 gold pieces
  8890 | D        | Received a gift from Trog
  8894 | D        | Got a scorched dire flail {god gift}
  8898 | D        | Identified the +5 dire flail "Epovur" {venom, rN+ Int+2} (Trog gifted it to you in the Dungeon)
  9219 | D        | Received a gift from Trog
  9223 | D        | Noticed a fire dragon
  9234 | D        | Killed a fire dragon
  9234 | D        | Received a gift from Trog
  9370 | D        | Reached XP level 14. HP: 151/151 MP: 4/14
  9739 | D        | Received a gift from Trog
  9856 | D        | Noticed Chuck
  9870 | D        | Killed Chuck
 10023 | D        | Noticed Frederick
 10040 | D        | Killed Frederick
 10095 | D        | Noticed a lich
 10105 | D        | Killed a lich
 10105 | D        | Received a gift from Trog
 10143 | D        | Noticed a shadow dragon
 10144 | D        | Noticed a shadow dragon
 10166 | D        | Killed a shadow dragon
 10176 | D        | Killed a shadow dragon
 10184 | D        | Received a gift from Trog
 10388 | D        | Received a gift from Trog
 10471 | D        | Noticed a titan
 10472 | D        | Noticed a titan
 10484 | D        | Received a gift from Trog
 10498 | D        | Killed a titan
 10498 | D        | Received a gift from Trog
 10501 | D        | Received a gift from Trog
 10513 | D        | Killed a titan
 10513 | D        | Received a gift from Trog
 10513 | D        | Reached skill level 15 in Throwing
 10514 | D        | Noticed a stone giant
 10515 | D        | Received a gift from Trog
 10517 | D        | Killed a stone giant
 10520 | D        | Received a gift from Trog
 10521 | D        | Noticed a stone giant
 10522 | D        | Killed a stone giant
 10526 | D        | Noticed a shadow dragon
 10526 | D        | Killed a shadow dragon
 10527 | D        | Received a gift from Trog
 10530 | D        | Noticed a titan
 10531 | D        | Killed a titan
 10531 | D        | Reached XP level 15. HP: 136/165 MP: 5/15
 10536 | D        | Noticed a shadow dragon
 10538 | D        | Killed a shadow dragon
 10549 | D        | Received a gift from Trog
 10695 | D        | Got a scorched chain mail
 10778 | D        | Found the +4 dagger "Morg" {pain, MR+ Int+5}
 10783 | D        | Got a silver rune of Zot
 10790 | D        | Got a fine ruby amulet
 10834 | D        | Got a pair of heavily runed gloves
 10845 | D        | Identified the +2 pair of gloves of the Burgomaster {rN+ MR- Str+3} (You found it in the Dungeon)
 10856 | D        | Identified the amulet "Liheum" {Spirit MR++ SInv} (You found it in the Dungeon)
 10953 | D        | Got a slimy short sword
 11042 | D        | Received a gift from Trog
 11084 | D        | Got a glittering amber ring
 11086 | D        | Identified the ring of Xom's No More Talking {Fire Int+7} (You found it in the Dungeon)
 11094 | D        | Noticed a bone dragon
 11108 | D        | Killed a bone dragon
 11366 | D        | Received a gift from Trog
 11517 | D        | Received a gift from Trog
 11618 | D        | Noticed a bone dragon
 11629 | D        | Killed a bone dragon
 11763 | D        | Noticed a bone dragon
 11771 | D        | Killed a bone dragon
 11771 | D        | Received a gift from Trog
 11851 | D        | Noticed a sphinx
 11859 | D        | Noticed a sphinx
 11859 | D        | Killed a sphinx
 11867 | D        | Killed a sphinx
 11867 | D        | Received a gift from Trog
 12448 | D        | Received a gift from Trog
 12457 | D        | Noticed a greater mummy
 12465 | D        | Noticed a greater mummy
 12508 | D        | Killed a greater mummy
 12524 | D        | Killed a greater mummy
 12524 | D        | Received a gift from Trog
 12905 | D        | Received a gift from Trog
 12908 | D        | Got an ichor-stained double sword {flame}
 12942 | D        | Received a gift from Trog
 12980 | D        | Got a scorched dire flail
 12981 | D        | Identified the +4 dire flail of Diet Blood {freeze, rC- Str+5 Int+3} (You acquired it in the Dungeon)
 13000 | D        | Got a golden rune of Zot
 13549 | D        | Noticed Azrael
 13551 | D        | Killed Azrael
 13589 | D        | Got a translucent tin amulet
 13591 | D        | Identified the amulet of Xom's Recklessness {Harm *Drain Stlth+} (You acquired it in the Dungeon)
 13595 | D        | Got a translucent shield
 13616 | D        | Received a gift from Trog
 14168 | D        | Noticed Boris
 14168 | D        | Received a gift from Trog
 14182 | D        | Killed Boris
 14182 | D        | Reached XP level 16. HP: 101/180 MP: 9/16
 14184 | D        | Got a warped dire flail {god gift}
 14196 | D        | Identified the +6 dire flail of Draconian's Curse {antimagic, *Rage +Blink MR+} (Trog gifted it to you in the Dungeon)
 14208 | D        | Received a gift from Trog
 14451 | D        | Found Weplienn's Distillery.
 14451 | D        | Found Uqyff's Gadget Shop.
 14451 | D        | Found Fuadghuo's Armour Shop.
 14451 | D        | Found Qiareud's Armour Shoppe.
 14473 | D        | Found Duetoise's Distillery.
 14541 | D        | Received a gift from Trog
 14774 | D        | Noticed Nikola
 14774 | D        | Noticed a storm dragon
 14790 | D        | Killed Nikola
 14794 | D        | Killed a storm dragon
 14794 | D        | Received a gift from Trog
 14884 | D        | Noticed Mara
 14932 | D        | Noticed Kidiri's illusion
 14945 | D        | Noticed Kidiri's illusion
 14994 | D        | Noticed Kidiri's illusion
 15006 | D        | Killed Mara
 15006 | D        | Reached skill level 27 in Fighting
 15336 | D        | Noticed an ancient champion
 15339 | D        | Killed an ancient champion
 15339 | D        | Received a gift from Trog
 15340 | D        | Got a warped dire flail {god gift}
 15347 | D        | Identified the +10 dire flail of Success {venom, rC+ Dex+3} (Trog gifted it to you in the Dungeon)
 15395 | D        | Bought a potion of cancellation for 88 gold pieces
 15395 | D        | Bought a potion of curing for 33 gold pieces
 15395 | D        | Bought a potion of curing for 33 gold pieces
 15395 | D        | Bought 2 potions of curing for 66 gold pieces
 15395 | D        | Bought 2 potions of curing for 66 gold pieces
 15395 | D        | Bought a potion of heal wounds for 55 gold pieces
 15400 | D        | Bought a +2 pair of boots for 165 gold pieces
 15419 | D        | Noticed Roxanne
 15432 | D        | Killed Roxanne
 15487 | D        | Received a gift from Trog
 15692 | D        | Received a gift from Trog
 15699 | D        | Reached skill level 27 in Maces & Flails
 15856 | D        | Noticed Mennas
 15890 | D        | Slain by Mennas

Vault maps used:
D:        dungeon_sprint_mu

Skill      XL: |  1  2  3  4  5  6  7  8  9 10 11 12 13 14 15 16 |
---------------+-------------------------------------------------+-----
Dodging        | 4 5 7 8 9 10 11 13 14 16 18 20 22 24 | 24.4
Fighting       | 4 6 8 9 10 12 13 16 17 19 21 23 26 27 | 27.0
Maces & Flails | 4 5 6 7 9 11 12 14 16 17 21 23 25 27 | 27.0
Throwing       | 1 2 3 4 5 6 7 8 9 10 12 13 15 17 18 | 18.5

Action                   |  1- 3 |  4- 6 |  7- 9 | 10-12 | 13-15 | 16-18 || total
-------------------------+-------+-------+-------+-------+-------+-------++-------
Melee: Mace              |    45 |    19 |    62 |       |       |       ||   126
       Tailslap          |     8 |     2 |    15 |    43 |   113 |    43 ||   224
       Dire flail        |       |       |    39 |   220 |       |       ||   259
       Great mace        |       |       |       |    26 |   500 |   168 ||   694
Throw: Tomahawk          |       |       |     8 |       |     2 |     4 ||    14
       Javelin           |       |       |    11 |    21 |    79 |     3 ||   114
       Throwing net      |       |       |       |     1 |     1 |       ||     2
Invok: Berserk           |     2 |     3 |     2 |    10 |    15 |     4 ||    36
       Burn Spellbooks   |       |     2 |       |       |     4 |     1 ||     7
       Brothers in Arms  |       |     1 |     6 |    16 |    15 |     7 ||    45
 Abil: Breathe Frost     |       |       |     8 |    19 |     8 |     1 ||    36
       Evoke Flight      |       |       |       |       |     7 |     1 ||     8
       Stop Flying       |       |       |       |       |     1 |       ||     1
Evoke: Wand              |       |       |       |       |     3 |     1 ||     4
  Use: Scroll            |     2 |       |       |     3 |    20 |     1 ||    26
       Potion            |     1 |       |       |     1 |     5 |     4 ||    11
 Stab: Distracted        |       |       |       |     1 |     1 |       ||     2
       Sleeping          |       |       |       |       |     7 |     1 ||     8
  Eat: Bread ration      |       |     1 |     1 |       |     1 |       ||     3
       Chunk             |       |       |     3 |    20 |    14 |     4 ||    41
       Royal jelly       |       |       |     1 |     6 |     5 |     4 ||    16
       Fruit             |       |       |       |       |    10 |       ||    10
       Meat ration       |       |       |       |       |     2 |       ||     2
Armor: Skin              |    12 |     2 |    10 |    16 |    40 |    38 ||   118
Dodge: Dodged            |    38 |    10 |    60 |   102 |   297 |   180 ||   687

Table legend:
 A = Spawn XP
 B = Non-spawn XP
 C = Spawn XP percentage of total XP
 D = Spawn monster count
 E = Non-spawn monster count
 F = Spawn count percentage of total count
 G = Total turns spent on level
                    A         B        C        D         E        F      G
               +---------+---------+-------+---------+---------+-------+---------
         Total |       0 |  198128 |   0.0 |       0 |     324 |   0.0 | 15890
               +---------+---------+-------+---------+---------+-------+---------
             D |       0 |  198128 |   0.0 |       0 |     324 |   0.0 | 15890
               +---------+---------+-------+---------+---------+-------+---------
